 Dungeon Crawl Stone Soup version 0.22-a0-480-g991dd4b (webtiles) character file.

23 DrEnzyme the Cudgeler (level 2, -3/23 HPs)
             Began as a Demonspawn Wanderer on June 15, 2018.
             Slain by a worm (11 damage)
             ... on level 2 of the Dungeon.
             The game lasted 00:03:47 (1383 turns).

DrEnzyme the Cudgeler (Demonspawn Wanderer)         Turns: 1383, Time: 00:03:48

Health: -3/23      AC:  2    Str: 12    XL:     2   Next: 75%
Magic:  2/2        EV: 12    Int: 10    God:
Gold:   84         SH:  0    Dex: 15    Spells: 1/1 levels left

rFire    . . .     SeeInvis .   a - +2 mace
rCold    . . .     Gourm    .   (no shield)
rNeg     . . .     Faith    .   d - +0 robe
rPois    .         Spirit   .   (no helmet)
rElec    .         Reflect  .   (no cloak)
rCorr    .         Harm     .   (no gloves)
MR       .....                  (no boots)
Stlth    +.........             (no amulet)
HPRegen  0.07/turn              (no ring)
MPRegen  0.08/turn              (no ring)

@: no status effects
A: demonic guardian 1
a: no special abilities


You were on level 2 of the Dungeon.
You were not hungry.

You visited 1 branch of the dungeon, and saw 2 of its levels.

You collected 84 gold pieces.

Inventory:

Hand Weapons
 a - a +2 mace (weapon)
 b - a +0 hunting sling
Missiles
 h - 10 sling bullets
Armour
 d - a +0 robe (worn)
Jewellery
 l - a +3 amulet of reflection {unknown}
Scrolls
 e - 3 scrolls of remove curse {unknown}
 n - a scroll of teleportation {unknown}
 o - a scroll of immolation {unknown}
 p - a scroll of fear {unknown}
Potions
 c - 2 potions of curing
 g - a potion of lignification
 i - 2 potions of might {unknown}
 j - a potion of heal wounds {unknown}
 k - a potion of haste {unknown}
Comestibles
 f - 3 rations


   Skills:
 + Level 2.4 Fighting
 + Level 3.0 Maces & Flails
 + Level 0.7 Slings
 + Level 1.5 Dodging
   Level 1.0 Shields
 - Level 1.7 Unarmed Combat
   Level 1.0 Evocations


You had one spell level left.
You didn't know any spells.
Your spell library was empty.

Dungeon Overview and Level Annotations

Branches:
Dungeon (2/15)

Altars:

Annotations:
D:2 exclusion: adder


Innate Abilities, Weirdness & Mutations

A weak demonic guardian rushes to your aid.


Message History

You climb downwards.
Level annotation: exclusion: adder
There is a stone staircase leading up here.
There is a stone staircase leading up here.
The worm bites you!
You hit the worm.
The worm is lightly wounded.
The worm barely misses you.
You hit the worm.
The worm is moderately wounded.
You barely miss the worm.
The worm is moderately wounded.
The worm bites you but does no damage.
You sock the worm!
The worm is severely wounded.
The worm bites you!
You barely miss the worm.
The worm is severely wounded.
The worm bites you!
You die...

############
#รท..........
#...######..
####...#### #.#
#.........# #.#
#.........# #.#
#.........# #.#
##.#.<<##.###.#
#.#.@.#...##.#
#.#.w[((..(#.#
#.##.....((..###
#..........((..#
#..#........##.#
#
#..#.....>.###.#
#. #..##.....##
#w# #.
#..##.##.## #.#
#. #..#...#.#
#)######


You could see a worm.

Vanquished Creatures
  2 dart slugs
  2 hobgoblins (D:1)
  2 bats
  2 frilled lizards
  5 goblins
  2 kobolds
  5 rats
20 creatures vanquished.

Notes
Turn   | Place    | Note
-------+----------+-------------------------------------------
     0 | D:1      | DrEnzyme the Demonspawn Wanderer began the quest for the Orb.
     0 | D:1      | DrEnzyme set off with: a +2 mace, a potion of lignification, a potion of curing, a +0 robe, a ration
     0 | D:1      | Reached XP level 1. HP: 16/16 MP: 1/1
   606 | D:1      | Gained mutation: A weak demonic guardian rushes to your aid. [demonic ancestry]
   606 | D:1      | Reached XP level 2. HP: 14/22 MP: 2/2
  1087 | D:2      | Reached skill level 3 in Maces & Flails
  1383 | D:2      | Slain by a worm

Vault maps used:
D:1:      lordsloth_arrival_two_stooges, minmay_tromino_v4_a
D:2:      first_ration

Skill      XL: |  1  2 |
---------------+-------+-----
Maces & Flails | 3 |  3.0
Fighting       | |  2.4
Slings         | |  0.7
Dodging        | |  1.5
Shields        | |  1.0
Unarmed Combat | |  1.7
Evocations     | |  1.0

Action                   || total
-------------------------++-------
Melee: Mace              ||    47
 Fire: Hunting sling     ||    18
 Stab: Sleeping          ||     3
  Eat: Chunk             ||     1
Armor: Robe              ||     6
Dodge: Dodged            ||    39

Table legend:
 A = Spawn XP
 B = Non-spawn XP
 C = Spawn XP percentage of total XP
 D = Spawn monster count
 E = Non-spawn monster count
 F = Spawn count percentage of total count
 G = Total turns spent on level
                    A         B        C        D         E        F      G
               +---------+---------+-------+---------+---------+-------+---------
         Total |       0 |      34 |   0.0 |       0 |      20 |   0.0 |  1383
               +---------+---------+-------+---------+---------+-------+---------
           D:1 |       0 |      18 |   0.0 |       0 |      12 |   0.0 |  1152
           D:2 |       0 |      16 |   0.0 |       0 |       8 |   0.0 |   231
               +---------+---------+-------+---------+---------+-------+---------
